MLB
MILWAUKEE BREWERS @ ST. LOUIS CARDINALS
09/26/2098
 
TOP OF THE 1ST
Milwaukee Brewers batting - Pitching for St. Louis Cardinals : RHP Trent Vaccaro
Pitching: RHP Trent Vaccaro
Batting: RHB Byron Weaver 0-0: Ball
1-0: Foul Ball, location: 2F
1-1: Foul Ball, location: 9LMF
1-2: Ball
2-2: Fly out, F4 (Popup, 23, EV 73.8 MPH)
Batting: RHB Johnny Curet 0-0: Foul Ball, location: 5F
0-1: SINGLE (Groundball, 6MD, EV 101.3 MPH)
Batting: LHB Alex Cruz 0-0: Called Strike
0-1: Called Strike
0-2: Strikes out swinging
Batting: LHB Chris Marcheski 0-0: Swinging Strike
0-1: Foul Ball, location: 7LMF
0-2: Hit by Pitch
Johnny Curet to second
Batting: RHB Joe Hardie 0-0: Called Strike
0-1: DOUBLE (Line Drive, 7LS, EV 96.9 MPH)
Johnny Curet scores
Chris Marcheski to third
Runner from 3rd tries for Home, SAFE, no throw by LF
Batting: RHB Tyler Naberhaus 0-0: Swinging Strike
0-1: Swinging Strike
0-2: Foul Ball, location: 23F
0-2: Ball
1-2: Ball
2-2: Ball
3-2: Strikes out looking
Top of the 1st over - 2 runs, 2 hits, 0 errors, 1 left on base; Milwaukee 2 - St. Louis 0
BOTTOM OF THE 1ST
St. Louis Cardinals batting - Pitching for Milwaukee Brewers : LHP Mike Jenkins
Pitching: LHP Mike Jenkins
Batting: RHB Jayden Whaley 0-0: Ball
1-0: SINGLE (Groundball, 5D, EV 96.9 MPH)
Batting: RHB Jeff Saxton 0-0: Called Strike
0-1: Ball
1-1: Ball
2-1: Called Strike
2-2: SINGLE (Groundball, 4D, EV 96.3 MPH)
Jayden Whaley to second
Batting: RHB Ryan Collier 0-0: Ball
1-0: Ball
2-0: Foul Ball, location: 9LSF
2-1: Foul Ball, location: 9LSFF
2-2: Fly out, F8 (Flyball, 8RD, EV 96.3 MPH)
Batting: RHB Jesus Guzman 0-0: Called Strike
0-1: Ball
1-1: Swinging Strike
1-2: Foul Ball, location: 3SF
1-2: Foul Ball, location: 23F
1-2: Foul Ball, location: 2F
1-2: Ball
2-2: SINGLE (Flyball, 9LM, EV 94.4 MPH)
Jayden Whaley to third
Jeff Saxton to second
Runner from 3rd tries for Home, SAFE, throw by RF to home
Batting: LHB Jeremiah Ford 0-0: SINGLE (Groundball, 6MD, EV 102.5 MPH)
Jeff Saxton to third
Jesus Guzman to second
Runner from 3rd tries for Home, SAFE, throw by CF to home
Batting: RHB Gabe Vega 0-0: Called Strike
0-1: Ball
1-1: Ground out 5-3 (Groundball, 56, EV 75.6 MPH)
Jesus Guzman to third
Jeremiah Ford to second
Batting: RHB David Martinez 0-0: Ball
1-0: Foul Ball, location: 9LSF
1-1: Called Strike
1-2: Ball
2-2: SINGLE (Groundball, 4MD, EV 103.8 MPH) (infield hit)
Jesus Guzman scores
Jeremiah Ford to third
Batting: RHB Brodie Herian 0-0: Ball
1-0: Ball
2-0: Ball
3-0: Called Strike
3-1: Swinging Strike
3-2: Base on Balls
David Martinez to second
Batting: LHB Brett Rinehart 0-0: Foul Ball, location: 9LSFF
0-1: Fly out, F3 (Popup, 3, EV 55.6 MPH)
Bottom of the 1st over - 3 runs, 5 hits, 0 errors, 3 left on base; Milwaukee 2 - St. Louis 3
TOP OF THE 2ND
Milwaukee Brewers batting - Pitching for St. Louis Cardinals : RHP Trent Vaccaro
Batting: SHB Jamie Saxton 0-0: Foul Ball, location: 7LMF
0-1: Ball
1-1: Ball
2-1: Foul Ball, location: 3FF
2-2: Ball
3-2: Ground out 4-3 (Groundball, 4, EV 86.3 MPH)
Batting: RHB Vinny Prestage 0-0: Ball
1-0: Called Strike
1-1: Ground out 6-3 (Groundball, 6, EV 101.9 MPH)
Batting: SHB Josh Harder 0-0: Ball
1-0: Fly out, F7 (Flyball, 7, EV 95.6 MPH)
Top of the 2nd over - 0 runs, 0 hits, 0 errors, 0 left on base; Milwaukee 2 - St. Louis 3
BOTTOM OF THE 2ND
St. Louis Cardinals batting - Pitching for Milwaukee Brewers : LHP Mike Jenkins
Batting: RHB Jayden Whaley 0-0: Called Strike
0-1: Ball
1-1: Called Strike
1-2: Fly out, F6 (Popup, 4S, EV 69.4 MPH)
Batting: RHB Jeff Saxton 0-0: Called Strike
0-1: Ball
1-1: Swinging Strike
1-2: Ball
2-2: Ball
3-2: Strikes out swinging
Batting: RHB Ryan Collier 0-0: Foul Ball, location: 9LMF
0-1: Fly out, F3 (Flyball, 34D, EV 92.5 MPH)
Bottom of the 2nd over - 0 runs, 0 hits, 0 errors, 0 left on base; Milwaukee 2 - St. Louis 3
TOP OF THE 3RD
Milwaukee Brewers batting - Pitching for St. Louis Cardinals : RHP Trent Vaccaro
Batting: RHB Byron Weaver 0-0: Foul Ball, location: 23FF
0-1: Called Strike
0-2: Fly out, F8 (Flyball, 8RXD, EV 81.9 MPH)
Batting: RHB Johnny Curet 0-0: Ball
1-0: Ball
2-0: Ball
3-0: Base on Balls
Batting: LHB Alex Cruz 0-0: Called Strike
0-1: Ball
1-1: Fielders Choice at 2nd, 3-6 (Groundball, 3, EV 101.3 MPH)
Batting: LHB Chris Marcheski 0-0: Called Strike
0-1: Fielders Choice at 2nd, U6 (Groundball, 6M, EV 104.4 MPH)
Top of the 3rd over - 0 runs, 0 hits, 0 errors, 1 left on base; Milwaukee 2 - St. Louis 3
BOTTOM OF THE 3RD
St. Louis Cardinals batting - Pitching for Milwaukee Brewers : LHP Mike Jenkins
Batting: RHB Jesus Guzman 0-0: Fly out, F8 (Flyball, 78D, EV 105.6 MPH)
Batting: LHB Jeremiah Ford 0-0: Ball
1-0: Foul Ball, location: 2F
1-1: Called Strike
1-2: Foul Ball, location: 7LMF
1-2: Fly out, F7 (Flyball, 7, EV 77.5 MPH)
Batting: RHB Gabe Vega 0-0: Called Strike
0-1: Ball
1-1: Ground out 6-3 (Groundball, 6, EV 75.6 MPH)
Bottom of the 3rd over - 0 runs, 0 hits, 0 errors, 0 left on base; Milwaukee 2 - St. Louis 3
TOP OF THE 4TH
Milwaukee Brewers batting - Pitching for St. Louis Cardinals : RHP Trent Vaccaro
Batting: RHB Joe Hardie 0-0: Fly out, F9 (Flyball, 9D, EV 88.1 MPH)
Batting: RHB Tyler Naberhaus 0-0: Called Strike
0-1: SINGLE (Groundball, 6M, EV 101.3 MPH)
Batting: SHB Jamie Saxton 0-0: Ball
1-0: Called Strike
1-1: 2-RUN HOME RUN (Flyball, 89XD, EV 107.5 MPH), Distance : 425 ft
Batting: RHB Vinny Prestage 0-0: Called Strike
0-1: Ball
1-1: Fly out, F6 (Popup, P, EV 73.8 MPH)
Batting: SHB Josh Harder 0-0: Called Strike
0-1: Ball
1-1: Fly out, F7 (Flyball, 7, EV 91.3 MPH)
Top of the 4th over - 2 runs, 2 hits, 0 errors, 0 left on base; Milwaukee 4 - St. Louis 3
BOTTOM OF THE 4TH
St. Louis Cardinals batting - Pitching for Milwaukee Brewers : LHP Mike Jenkins
Batting: RHB David Martinez 0-0: Called Strike
0-1: Fly out, F9 (Flyball, 9, EV 96.3 MPH)
Batting: RHB Brodie Herian 0-0: Foul Ball, location: 23F
0-1: Ball
1-1: Called Strike
1-2: Ball
2-2: Foul Ball, location: 3FF
2-2: Ball
3-2: Base on Balls
Batting: LHB Brett Rinehart 0-0: Called Strike
0-1: Called Strike
0-2: Ball
1-2: Fly out, F9 (Line Drive, 9S, EV 96.9 MPH)
Batting: RHB Jayden Whaley 0-0: Ball
1-0: Called Strike
1-1: Called Strike
1-2: Foul Ball, location: 2F
1-2: Ball
2-2: Fielders Choice at 2nd, 6-4 (Groundball, 6, EV 87.5 MPH)
Bottom of the 4th over - 0 runs, 0 hits, 0 errors, 1 left on base; Milwaukee 4 - St. Louis 3
TOP OF THE 5TH
Milwaukee Brewers batting - Pitching for St. Louis Cardinals : RHP Trent Vaccaro
Batting: RHB Byron Weaver 0-0: Called Strike
0-1: Swinging Strike
0-2: Ball
1-2: Foul Ball, location: 9LMF
1-2: Foul Ball, location: 23F
1-2: Strikes out looking
Batting: RHB Johnny Curet 0-0: Ball
1-0: Ball
2-0: Foul Ball, location: 9LMF
2-1: Foul Ball, location: 9LMF
2-2: Reached via error on a dropped throw from 3B, E3 (Groundball, 56S, EV 73.8 MPH)
Batting: LHB Alex Cruz 0-0: Foul Ball, location: 3DF
0-1: Ball
1-1: Swinging Strike
1-2: Foul Ball, location: 2F
1-2: Strikes out swinging
Batting: LHB Chris Marcheski 0-0: 2-RUN HOME RUN (Flyball, 7D, EV 100.0 MPH), Distance : 379 ft
Pitching: RHP Curtis Genereux
Batting: RHB Joe Hardie 0-0: SOLO HOME RUN (Flyball, 78XD, EV 105.6 MPH), Distance : 410 ft
Batting: RHB Tyler Naberhaus 0-0: Ball
1-0: Called Strike
1-1: SINGLE (Groundball, 4MD, EV 100.0 MPH)
Batting: SHB Jamie Saxton 0-0: Ball
1-0: Ball
2-0: Ball
3-0: Called Strike
3-1: Called Strike
3-2: Strikes out looking
Top of the 5th over - 3 runs, 3 hits, 1 error, 1 left on base; Milwaukee 7 - St. Louis 3
BOTTOM OF THE 5TH
St. Louis Cardinals batting - Pitching for Milwaukee Brewers : LHP Mike Jenkins
Batting: RHB Jeff Saxton 0-0: Ball
1-0: Ball
2-0: Ball
3-0: Called Strike
3-1: Foul Ball, location: 2F
3-2: Foul Ball, location: 9LSF
3-2: Strikes out swinging
Batting: RHB Ryan Collier 0-0: Swinging Strike
0-1: SINGLE (Line Drive, 89S, EV 100.0 MPH)
Batting: RHB Jesus Guzman 0-0: Ball
1-0: Called Strike
1-1: Called Strike
1-2: Ball
2-2: Ball
3-2: Foul Ball, location: 2F
3-2: 2-RUN HOME RUN (Flyball, 9D, EV 96.9 MPH), Distance : 362 ft
Pitching: RHP Jon Bartolone
Batting: LHB Jeremiah Ford 0-0: Fly out, F9 (Line Drive, 89M, EV 98.8 MPH)
Batting: RHB Gabe Vega 0-0: Called Strike
0-1: Ball
1-1: Ball
2-1: Ball
3-1: Called Strike
3-2: Strikes out looking
Bottom of the 5th over - 2 runs, 2 hits, 0 errors, 0 left on base; Milwaukee 7 - St. Louis 5
TOP OF THE 6TH
Milwaukee Brewers batting - Pitching for St. Louis Cardinals : RHP Curtis Genereux
Pinch Hitting: SHB Juan Velasquez 0-0: Ground out U3 (Groundball, 34S, EV 86.9 MPH)
Batting: SHB Josh Harder 0-0: Ball
1-0: Ball
2-0: Fly out, F9 (Flyball, 9LS, EV 86.9 MPH)
Batting: RHB Byron Weaver 0-0: Foul Ball, location: 5FF
0-1: Ball
1-1: Foul Ball, location: 2F
1-2: Foul Ball, location: 2F
1-2: Strikes out swinging
Top of the 6th over - 0 runs, 0 hits, 0 errors, 0 left on base; Milwaukee 7 - St. Louis 5
BOTTOM OF THE 6TH
St. Louis Cardinals batting - Pitching for Milwaukee Brewers : RHP Jon Bartolone
Now at 2B: Alex Cruz
Now in LF: Juan Velasquez
Batting: RHB David Martinez 0-0: Ball
1-0: Called Strike
1-1: Ball
2-1: Ball
3-1: SINGLE (Line Drive, 78M, EV 89.4 MPH)
Pinch Hitting: LHB Jonathan Steben 0-0: Ball
1-0: Ball
2-0: Fielders Choice at 2nd, 4-6 (Groundball, 4, EV 89.4 MPH)
Batting: LHB Brett Rinehart 0-0: Called Strike
0-1: Ball
1-1: Foul Ball, location: 2F
1-2: Ball
2-2: Strikes out swinging
Batting: RHB Jayden Whaley 0-0: Called Strike
0-1: Foul Ball, location: 5FF
0-2: Ball
1-2: Foul Ball, location: 5DF
1-2: DOUBLE (Line Drive, 7LM, EV 102.5 MPH)
Jonathan Steben to third
Batting: RHB Jeff Saxton 0-0: Foul Ball, location: 2F
0-1: Foul Ball, location: 25F
0-2: Strikes out looking
Bottom of the 6th over - 0 runs, 2 hits, 0 errors, 2 left on base; Milwaukee 7 - St. Louis 5
TOP OF THE 7TH
Milwaukee Brewers batting - Pitching for St. Louis Cardinals : RHP Curtis Genereux
Now at SS: Izzy Mina
Batting: RHB Johnny Curet 0-0: Called Strike
0-1: Ball
1-1: DOUBLE (Line Drive, 7D, EV 91.9 MPH)
Batting: LHB Alex Cruz 0-0: Intentional Walk
Batting: LHB Chris Marcheski 0-0: Called Strike
0-1: Fly out, F4 (Popup, 4, EV 67.5 MPH)
Batting: RHB Joe Hardie 0-0: Called Strike
0-1: Foul Ball, location: 7LSF
0-2: Reached on error, E6 (Groundball, 6, EV 82.5 MPH)
Johnny Curet to third
Alex Cruz to second
Batting: RHB Tyler Naberhaus 0-0: Fly out, F8 (Flyball, 89M, EV 80.0 MPH)
Runner from 3rd tags up, OUT at HOME! 8-2
Top of the 7th over - 0 runs, 1 hit, 1 error, 2 left on base; Milwaukee 7 - St. Louis 5
BOTTOM OF THE 7TH
St. Louis Cardinals batting - Pitching for Milwaukee Brewers : RHP Jon Bartolone
Batting: RHB Ryan Collier 0-0: Ball
1-0: Called Strike
1-1: Hit by Pitch
Pitching: LHP Tim Cockfield
Batting: RHB Jesus Guzman 0-0: Called Strike
0-1: Swinging Strike
0-2: Ball
1-2: Ball
2-2: Ball
3-2: Strikes out swinging
Batting: LHB Jeremiah Ford 0-0: Called Strike
0-1: Ball
1-1: SINGLE (Line Drive, 89M, EV 90.6 MPH)
Ryan Collier to second
Pinch Runner at 2nd Brandon Corter:
Batting: RHB Gabe Vega 0-0: Ball
1-0: Foul Ball, location: 23F
1-1: Swinging Strike
1-2: Fielders Choice at 2nd, 4-6 (Groundball, 4, EV 96.3 MPH)
Brandon Corter to third
Batting: RHB David Martinez 0-0: Fielders Choice at 2nd, U6 (Groundball, 6M, EV 85.6 MPH)
Bottom of the 7th over - 0 runs, 1 hit, 0 errors, 2 left on base; Milwaukee 7 - St. Louis 5
TOP OF THE 8TH
Milwaukee Brewers batting - Pitching for St. Louis Cardinals : RHP Curtis Genereux
Now at 1B: Brandon Corter
Batting: SHB Jamie Saxton 0-0: Ball
1-0: Fly out, F9 (Flyball, 9LM, EV 93.1 MPH)
Batting: SHB Juan Velasquez 0-0: Ball
1-0: Foul Ball, location: 2F
1-1: Ball
2-1: Ball
3-1: Swinging Strike
3-2: Base on Balls
Pitching: RHP Danny Ferguson
Batting: SHB Josh Harder 0-0: Ball
1-0: Ball
2-0: DOUBLE (Groundball, 3L, EV 106.3 MPH)
Juan Velasquez to third
Batting: RHB Byron Weaver 0-0: Intentional Walk
Batting: RHB Johnny Curet 0-0: Ball
1-0: Foul Ball, location: 9LDF
1-1: Fly out, F3 (Popup, 3S, EV 78.1 MPH)
Pitching: LHP Edarian Anderson
Batting: LHB Alex Cruz 0-0: Called Strike
0-1: SINGLE (Line Drive, 9LS, EV 104.4 MPH)
Juan Velasquez scores
Josh Harder to third
Byron Weaver to second
Batting: LHB Chris Marcheski 0-0: Ball
1-0: Foul Ball, location: 2F
1-1: Called Strike
1-2: Fly out, F7 (Flyball, 78M, EV 90.6 MPH)
Top of the 8th over - 1 run, 2 hits, 0 errors, 3 left on base; Milwaukee 8 - St. Louis 5
BOTTOM OF THE 8TH
St. Louis Cardinals batting - Pitching for Milwaukee Brewers : LHP Tim Cockfield
Now at 1B: Alex Cruz
Now at 2B: Josh Merklin
Batting: RHB Izzy Mina 0-0: Ground out U3 (Groundball, 3L, EV 83.1 MPH)
Pinch Hitting: SHB Bryan Smolka 0-0: Called Strike
0-1: Ball
1-1: Swinging Strike
1-2: Ground out 1-3 (Groundball, 15S, EV 70.6 MPH)
Batting: RHB Jayden Whaley 0-0: Swinging Strike
0-1: Swinging Strike
0-2: Ball
1-2: Foul Ball, location: 7LMF
1-2: Ball
2-2: Ball
3-2: Strikes out swinging
Bottom of the 8th over - 0 runs, 0 hits, 0 errors, 0 left on base; Milwaukee 8 - St. Louis 5
TOP OF THE 9TH
Milwaukee Brewers batting - Pitching for St. Louis Cardinals : LHP Edarian Anderson
Pitching: RHP Aaron Fields
Now in CF: David Martinez
Now in RF: Bryan Smolka
Batting: RHB Joe Hardie 0-0: Ground out 5-3 (Groundball, 56, EV 82.5 MPH)
Batting: RHB Tyler Naberhaus 0-0: Called Strike
0-1: Ball
1-1: Ground out 5-3 (Groundball, 56S, EV 79.4 MPH)
Batting: SHB Jamie Saxton 0-0: Called Strike
0-1: Ball
1-1: Ball
2-1: Ball
3-1: Called Strike
3-2: SINGLE (Line Drive, 8LS, EV 102.5 MPH)
Batting: SHB Juan Velasquez 0-0: Ball
1-0: Called Strike
1-1: Ball
2-1: Foul Ball, location: 7LSF
2-2: Ball
3-2: Foul Ball, location: 2F
3-2: Foul Ball, location: 2F
3-2: Ground out 2-3 (Groundball, 2R, EV 66.3 MPH)
Top of the 9th over - 0 runs, 1 hit, 0 errors, 1 left on base; Milwaukee 8 - St. Louis 5
BOTTOM OF THE 9TH
St. Louis Cardinals batting - Pitching for Milwaukee Brewers : LHP Tim Cockfield
Pitching: RHP Chris Hellige
Now in LF: Dennis Adams
Batting: RHB Jeff Saxton 0-0: Called Strike
0-1: Ball
1-1: Called Strike
1-2: Strikes out looking
Batting: LHB Brandon Corter 0-0: Fly out, F7 (Flyball, 7LMF, EV 86.9 MPH)
Batting: RHB Jesus Guzman 0-0: Ball
1-0: Swinging Strike
1-1: Foul Ball, location: 7LMF
1-2: Strikes out swinging
Bottom of the 9th over - 0 runs, 0 hits, 0 errors, 0 left on base; Milwaukee 8 - St. Louis 5
Sunday, April 14th , 2024 - OOTP Baseball 24.11 Build 85